 Dungeon Crawl Stone Soup version 0.19-a0-1697-g0595f0e (webtiles) character file.

37 GrosslyIncandescent the Insei (level 3, -2/29 HPs)
             Began as a Mummy Monk on Sept 26, 2016.
             Slain by a jackal (3 damage)
             ... on level 2 of the Dungeon.
             The game lasted 00:01:02 (1713 turns).

GrosslyIncandescent the Insei (Mummy Monk)          Turns: 1713, Time: 00:01:03

Health: -2/29      AC:  1    Str: 14    XL:     3   Next: 23%
Magic:  3/3        EV: 13    Int:  9    God:
Gold:   62         SH:  0    Dex: 15    Spells: 0 memorised, 2 levels left

rFire  x . .     SeeInvis .       - Unarmed
rCold  + . .     Gourm    .     (no armour)
rNeg   + + +     Faith    .     (no shield)
rPois  ∞         Spirit   .     (no helmet)
rElec  .         Dismiss  .     (no cloak)
rCorr  .         Reflect  .     (no gloves)
MR     .....     Harm     .     (no boots)
Stlth  +++.......               (no amulet)
                                d - ring of stealth
                                (no ring)

@: no status effects
A: no food or potions, fire vulnerability, cold resistance 1, negative energy
resistance 3, torment resistance, unbreathing
a: no special abilities


You were on level 2 of the Dungeon.
You were not hungry.

You visited 1 branch of the dungeon, and saw 2 of its levels.

You collected 62 gold pieces.


Innate Abilities, Weirdness & Mutations

You do not eat or drink.
Your flesh is vulnerable to fire.
You are immune to poison.
Your flesh is cold resistant. (rC+)
You are immune to negative energy. (rN+++)
You are immune to unholy pain and torment.
You can survive without breathing.


   Skills:
 - Level 3.0 Fighting
 - Level 2.4 Dodging
 - Level 1.5 Stealth
 + Level 3.5 Unarmed Combat


You had 2 spell levels left.
You didn't know any spells.

Inventory:

Jewellery
 d - a ring of stealth (right hand)
Scrolls
 a - a scroll of noise {unknown}
 b - 2 scrolls of teleportation {unknown}
 c - a scroll of enchant weapon {unknown}
 e - a scroll of magic mapping {unknown}
 f - a scroll of identify {unknown}

Dungeon Overview and Level Annotations

Branches:
Dungeon (2/15)

Altars:
Dithmenos

.. ▒........▒..
..▒▒▒▒.▒▒▒......
.......▒▒..▒..
▒▒....!▒▒..▒..
▒.▒▒▒▒▒..........▒..
.....▒.▒....▒......
▒...▒...........
.▒▒▒▒▒▒▒▒▒▒▒▒.†......▒...#.
.........hM...▒▒▒▒.▒.▒..###
▒▒▒▒▒...▒▒▒▒▒▒ ▒>▒.▒...#_
▒...▒▒ ▒.▒....>.# ▒.▒..
▒.▒.....▒▒ ...▒▒▒▒
▒......... .>.. ▒▒.▒▒.....
▒▒.▒ ▒▒ ▒▒▒▒.. .. ▒.. ▒▒
▒▒▒


You could see a jackal.


Message History

Increase (S)trength, (I)ntelligence, or (D)exterity?
You feel agile!
You squash the adder like an ant!
The adder is severely wounded!
The adder barely misses you! x2
You pummel the adder but do no damage!
The adder is severely wounded!
The adder bites you! * * * don't die
* * * You barely miss the adder!
The adder is severely wounded!
The adder closely misses you!
You barely miss the adder!
The adder is severely wounded!
The adder closely misses you!
You pulverise the adder!
The adder is almost dead!
The adder closely misses you! The adder bites you! * * * don't die
* * * You squash the adder like an ant!
You annihilate the adder!!!
You closely miss the jackal! The jackal barely misses you!
You pulverise the jackal!
The jackal is severely wounded!
The jackal barely misses you! The jackal bites you! * * * don't die
* * * You closely miss the jackal!
The jackal is severely wounded!
The jackal bites you! rip

Action                   || total
-------------------------++-------
Melee: Unarmed           ||   114
       Punch             ||     1
 Stab: Sleeping          ||     2
Armor: Skin              ||    21
Dodge: Dodged            ||   107

Vault maps used:
D:1:      nagdon_arrival_double_spiral
D:2:      gammafunk_temple_overflow_wave, grunt_dithmenos_smoke

Notes
Turn   | Place    | Note
-------+----------+-------------------------------------------
     0 | D:1      | GrosslyIncandescent the Mummy Monk began the quest for the Orb.
     0 | D:1      | Reached XP level 1. HP: 18/18 MP: 1/1
   525 | D:1      | Reached XP level 2. HP: 13/24 MP: 2/2
   827 | D:1      | Reached skill level 3 in Unarmed Combat
  1635 | D:2      | Found a shadowy altar of Dithmenos.
  1704 | D:2      | Reached XP level 3. HP: 10/29 MP: 3/3
  1712 | D:2      | HP: 1/29 [jackal (3)]
  1713 | D:2      | Slain by a jackal

Vanquished Creatures
  An adder (D:2)
  A leopard gecko (D:1)
  A ball python (D:1)
  6 bats
  4 goblins
  A hobgoblin (D:1)
  2 jackals (D:2)
  A frilled lizard (D:2)
  6 kobolds
  4 rats (D:1)
27 creatures vanquished.
